 Dungeon Crawl Stone Soup version 0.30.1-4-g462c640d31 (webtiles) character file.

Game seed: 12264433182484877211

41 CarvArkoylaein the Nimble (level 3, -1/31 HPs)
             Began as a Gnoll Wanderer on Sept 1, 2023.
             Slain by a kobold
             ... wielding a +0 dagger
              (2 damage)
             ... on level 2 of the Dungeon.
             The game lasted 00:10:17 (746 turns).

CarvArkoylaein the Nimble (Gnoll Wanderer)           Turns: 746, Time: 00:10:18

Health: -1/31      AC:  3    Str: 12    XL:     3   Next: 52%
Magic:  7/7        EV: 15    Int: 12    God:
Gold:   85         SH:  0    Dex: 11    Spells: 7/7 levels left

rFire   . . .        a - +0 dagger
rCold   . . .        (no shield)
rNeg    . . .        e - +0 leather armour
rPois   .            (no helmet)
rElec   .            (no cloak)
rCorr   .            (no gloves)
SInv    .            (no boots)
Will    .....        j - amulet of magic regeneration
Stlth   +            (no ring)
HPRegen 0.25/turn    (no ring)
MPRegen 0.50/turn

%: no passive effects
@: no status effects
A: fangs 1, strong nose, distributed training
a: no special abilities


You were on level 2 of the Dungeon.
You visited 1 branch of the dungeon, and saw 2 of its levels.

You collected 85 gold pieces.

Inventory:

Hand Weapons
 a - a +0 dagger (weapon)
Armour
 e - a +0 leather armour (worn)
Jewellery
 j - an amulet of magic regeneration (around neck)
Scrolls
 c - a scroll of vulnerability
 g - a scroll of teleportation
Potions
 b - a potion of magic {unknown}
 d - a potion of berserk rage
 f - a potion of mutation {unknown}
 h - a potion of heal wounds {unknown}
 i - a potion of invisibility {unknown}


   Skills:
 + Level 4.5 Fighting
 + Level 0.9 Short Blades
 + Level 0.9 Long Blades
 + Level 0.9 Axes
 + Level 0.9 Maces & Flails
 + Level 0.9 Polearms
 + Level 0.9 Staves
 + Level 0.9 Ranged Weapons
 + Level 2.6 Throwing
 + Level 0.9 Armour
 + Level 10.4 Dodging
 + Level 0.9 Stealth
 + Level 0.9 Shields
 + Level 0.9 Unarmed Combat
 + Level 2.8 Spellcasting
 + Level 2.1 Conjurations
 + Level 0.6 Hexes
 + Level 0.6 Summonings
 + Level 0.6 Necromancy
 + Level 0.6 Translocations
 + Level 0.6 Transmutations
 + Level 0.6 Fire Magic
 + Level 0.6 Ice Magic
 + Level 0.6 Air Magic
 + Level 0.6 Earth Magic
 + Level 0.6 Poison Magic
 + Level 1.0 Invocations
 + Level 0.9 Evocations


You had 7 spell levels left.
You didn't know any spells.
Your spell library contained the following spells:

 Spells                   Type           Power      Damage    Failure   Level
 Searing Ray              Conj           12%        2d4       21%         2
 Static Discharge         Conj/Air       10%        2-3/arc   26%         2


Dungeon Overview and Level Annotations

Branches:
Dungeon (2/15)

Altars:


Innate Abilities, Weirdness & Mutations

You have very sharp teeth.
Your uncanny sense of smell can sniff out nearby items.
Your experience applies equally to all skills.


Message History

* * * LOW HITPOINT WARNING * * *
The kobold hits you but does no damage.
You closely miss the kobold.
The kobold is severely wounded.
The rat bites you but does no damage. The kobold hits you but does no damage.
The kobold misses you.
You barely miss the kobold.
The kobold is severely wounded.
The kobold closely misses you. The rat misses you.
The kobold hits you with a +0 dagger.
* * * LOW HITPOINT WARNING * * *
You hit the kobold.
You kill the kobold!
The kobold hits you with a +0 dagger.
* * * LOW HITPOINT WARNING * * *
The rat closely misses you.
The rat twitches its whiskers.
The rat barely misses you.
The kobold throws a stone.
The stone closely misses you.
Things that are here:
a +0 dagger; 5 stones You hit the bush but do no damage.
The rat closely misses you.
You hit the rat but do no damage. The kobold barely misses you.
The rat closely misses you.
You hit the rat.
You kill the rat!
The kobold hits you with a +0 dagger.
* * * LOW HITPOINT WARNING * * *
The kobold barely misses you.
You closely miss the kobold. The kobold closely misses you.
You barely miss the kobold. The kobold hits you but does no damage.
You closely miss the kobold. The kobold hits you with a +0 dagger.
* * * LOW HITPOINT WARNING * * *
You closely miss the kobold. The kobold barely misses you.
You barely miss the kobold. You bite the kobold, but do no damage.
The kobold completely misses you.
You hit the kobold. Your bite misses the kobold.
The kobold is heavily wounded.
The kobold hits you with a +0 dagger.
You die...

#...... #......
#...... ####### ##
#### ## #♣♣♣♣P♣ ..#
#. PPP..~PP♣# #.# #.
.P.....PP####.# #.
#......@)#....#######
##
#...§!..K..##......<#
#.
#÷.§....P##########.#
#. PP..$..PP# #.# #.
P#P...PP♣# #.###.
♣P♣#♣♣#♣# #..... #
######


You could see a kobold.

Vanquished Creatures
  An adder (D:2)
  A worm (D:2)
  6 bats
  An endoplasm (D:1)
  4 goblins (D:1)
  A hobgoblin (D:2)
  6 kobolds
  2 quokkas (D:1)
  2 ball pythons
  3 frilled lizards
  3 rats
30 creatures vanquished.

Notes
Turn   | Place    | Note
-------+----------+-------------------------------------------
     0 | D:1      | Reached skill level 10 in Dodging
     0 | D:1      | CarvArkoylaein the Gnoll Wanderer began the quest for the
                  | Orb.
     0 | D:1      | CarvArkoylaein set off with the following items: a +0
                  | dagger, 2 throwing nets, a scroll of vulnerability, a
                  | potion of berserk rage, a +0 leather armour; and the
                  | following spells available to memorise: Searing Ray, Static
                  | Discharge.
     0 | D:1      | Reached XP level 1. HP: 20/20 MP: 4/4
   170 | D:1      | Reached XP level 2. HP: 26/26 MP: 5/5
   608 | D:2      | Reached XP level 3. HP: 19/31 MP: 7/7
   611 | D:2      | Reached skill level 1 in Invocations
   739 | D:2      | HP: 1/31 [kobold/+0 dagger (3)]
   746 | D:2      | Slain by a kobold

Illustrated notes

Levels and vault maps discovered:
D:1:      dpeg_arrival_radiant, layout_loops_ring, grunt_decor_fettered,
          nicolae_concentric_dashed_squares_mild
D:2:      layout_basic, basic_altar, serial_shops, nicolae_diamond_shop,
          lexackson_kobold_supper

Skill      XL: |  1  2  3 |
---------------+----------+-----
Dodging        | | 10.4
Conjurations   | 2 |  2.1
Invocations    | 1 |  1.0
Fighting       | |  4.5
Short Blades   | |  0.9
Long Blades    | |  0.9
Axes           | |  0.9
Maces & Flails | |  0.9
Polearms       | |  0.9
Staves         | |  0.9
Ranged Weapons | |  0.9
Throwing       | |  2.6
Armour         | |  0.9
Stealth        | |  0.9
Shields        | |  0.9
Unarmed Combat | |  0.9
Spellcasting   | |  2.8
Hexes          | |  0.6
Summonings     | |  0.6
Necromancy     | |  0.6
Translocations | |  0.6
Transmutations | |  0.6
Fire Magic     | |  0.6
Ice Magic      | |  0.6
Air Magic      | |  0.6
Earth Magic    | |  0.6
Poison Magic   | |  0.6
Evocations     | |  0.9

Action                     || total
---------------------------++-------
  Melee: Dagger            ||   176
         Bite              ||    19
  Throw: Throwing net      ||     2
    Use: Scroll            ||     2
   Stab: Sleeping          ||     1
 Armour: Leather armour    ||    55
  Dodge: Dodged            ||   206
